[ AOE2 MATCH · #505057288 ]
UnrankedItalians vs Persians
Player's team · LOSS
Rival team · WIN
[ REPLAY ANALYSIS · EXTRACTED FROM THE RECORDED GAME ]
Feudal
—
Castle
—
Imperial
—
| APM avg | 34.9 |
| APM peak | 61 |
| eAPM avg | 25.1 |
| Villagers / military | 20 / 0 |
Focus
⚔️ 21.5% · 🌾 78.5%
Fishing Ship ×3
Feudal
—
Castle
—
Imperial
—
| APM avg | 35.7 |
| APM peak | 54 |
| eAPM avg | 17.1 |
| Villagers / military | 18 / 2 |
Focus
⚔️ 25.5% · 🌾 74.5%
Transport Ship ×2
Match map
Initial resources + every placement click. Lines = walls · curves = elevation contours. ◆ gold · ⬟ stone · ● berries · ✦ relic · ◌ wall gap
Your base
日本人's base
Smoothed initial terrain · ◌ = detected wall gap · hover for details
Inputs per minute
— Melonfighter - - 日本人
Build order — Melonfighter
34 actions detected in the replay
| 0:01 | Queue | Villager (Male) |
| 0:01 | Queue | Villager (Male) |
| 0:02 | Queue | Villager (Male) |
| 0:03 | Build | House |
| 0:04 | Build | House |
| 0:52 | Queue | Villager (Male) |
| 1:18 | Queue | Villager (Male) |
| 1:18 | Queue | Villager (Male) |
| 1:43 | Build | Lumber Camp |
| 1:48 | Build | Lumber Camp |
| 1:52 | Queue | Villager (Male) |
| 2:23 | Queue | Villager (Male) |
| 2:23 | Queue | Villager (Male) |
| 2:53 | Queue | Villager (Male) |
| 3:23 | Build | House |
| 3:28 | Build | House |
| 3:32 | Queue | Villager (Male) |
| 3:32 | Queue | Villager (Male) |
| 3:55 | Queue | Villager (Male) |
| 4:16 | Queue | Villager (Male) |
| 4:46 | Build | Dock |
| 4:55 | Queue | Villager (Male) |
| 4:55 | Queue | Villager (Male) |
| 5:23 | Queue | Fishing Ship |
| 5:35 | Queue | Villager (Male) |
| 5:35 | Queue | Villager (Male) |
| 6:03 | Queue | Fishing Ship |
| 6:23 | Queue | Villager (Male) |
| 6:31 | Queue | Fishing Ship |
| 7:01 | Build | House |
| 7:08 | Research | Loom |
| 7:30 | Build | Mining Camp |
| 7:34 | Build | Palisade Wall |
| 8:16 | Queue | Villager (Male) |
Build order — 日本人
30 actions detected in the replay
| 0:02 | Build | House |
| 0:04 | Build | House |
| 0:06 | Queue | Villager (Male) |
| 0:06 | Queue | Villager (Male) |
| 0:06 | Queue | Villager (Male) |
| 0:34 | Queue | Villager (Male) |
| 0:35 | Queue | Villager (Male) |
| 2:00 | Queue | Villager (Male) |
| 2:01 | Queue | Villager (Male) |
| 2:09 | Build | Dock |
| 2:21 | Queue | Villager (Male) |
| 2:21 | Queue | Villager (Male) |
| 3:00 | Queue | Villager (Male) |
| 3:12 | Queue | Villager (Male) |
| 3:12 | Queue | Villager (Male) |
| 3:18 | Build | House |
| 3:47 | Queue | Villager (Male) |
| 4:02 | Queue | Transport Ship |
| 4:02 | Queue | Transport Ship |
| 4:30 | Queue | Villager (Male) |
| 4:32 | Queue | Villager (Male) |
| 5:22 | Research | Loom |
| 5:24 | Queue | Villager (Male) |
| 6:15 | Queue | Villager (Male) |
| 6:21 | Build | House |
| 6:47 | Research | Loom |
| 7:07 | Queue | Villager (Male) |
| 7:40 | Build | Town Center |
| 7:48 | Build | Palisade Wall |
| 7:50 | Build | Palisade Wall |
Match timeline
| 2:09 | 日本人 · first_building Dock |
| 4:46 | Melonfighter · first_building Dock |
| 7:34 | Melonfighter · wall_segment Palisade Wall x1 |
| 7:48 | 日本人 · wall_segment Palisade Wall x1 |
| 7:50 | 日本人 · wall_segment Palisade Wall x1 |
[ AI ANALYSIS · 1 CREDIT ]
What really happened in this match?
Wolo.gg analyzes every decision: build order, eco, micro, common mistakes by bracket. Personalized analysis on WhatsApp or Discord in 30 seconds.
Civ guide
Italians
Perfil
Melonfighter